 Dungeon Crawl Stone Soup version 0.29-a0-923-g6e406bff71 (webtiles) character file.

Game seed: 18202350623700781928

248 Plasmagod the Chopper (level 5, -2/47 HPs)
             Began as a Minotaur Fighter on July 28, 2022.
             Slain by Grinder (5 damage)
             ... on level 3 of the Dungeon.
             The game lasted 00:03:30 (1514 turns).

Plasmagod the Chopper (Minotaur Fighter)            Turns: 1514, Time: 00:03:31

Health: -2/47      AC:  0    Str: 23    XL:     5   Next: 86%
Magic:  4/4        EV: 18    Int:  5    God:
Gold:   109        SH:  0    Dex: 14    Spells: 4/4 levels left

rFire   . . .      SeeInvis .   (weapon currently unavailable)
rCold   . . .      Faith    .   (shield currently unavailable)
rNeg    . . .      Spirit   .   (body armour currently unavailable)
rPois   .          Reflect  .   (helmet currently unavailable)
rElec   .          Harm     .   (cloak currently unavailable)
rCorr   .          Rampage  .   (gloves currently unavailable)
Will    .....                   (boots currently unavailable)
Stlth   +.........              (no amulet)
HPRegen 0.15/turn               (ring currently unavailable)
MPRegen 0.09/turn               (ring currently unavailable)

@: bat-form, flying, very quick
A: fast, flying, no casting, tiny, (horns 2), (retaliatory headbutt)
a: no special abilities


You were on level 3 of the Dungeon.
You were a bat.
You visited 1 branch of the dungeon, and saw 3 of its levels.

You collected 109 gold pieces.

Inventory:

Hand Weapons
 a - a +0 war axe (melded)
Armour
 b - a +0 scale mail (melded)
 c - a +0 buckler (melded)
 o - a +2 cloak (melded)
Jewellery
 i - a +6 ring of intelligence
Scrolls
 e - a scroll of teleportation
 f - a scroll of summoning {unknown}
 g - a scroll of enchant armour {unknown}
 k - a scroll of fear {unknown}
 n - a scroll of poison {unknown}
 p - a scroll of magic mapping {unknown}
 q - a scroll of identify {unknown}
Potions
 h - a potion of lignification {unknown}
 j - 2 potions of resistance {unknown}
 l - 2 potions of magic {unknown}
 m - 2 potions of haste {unknown}


   Skills:
 + Level 4.8 Fighting
 + Level 5.3 Axes
 + Level 4.6 Armour
 + Level 0.9 Dodging
 + Level 0.2 Stealth
 + Level 4.3 Shields


You had 4 spell levels left.
You didn't know any spells.
Your spell library was empty.

Dungeon Overview and Level Annotations

Branches:
Dungeon (3/15)

Altars:

Shops:
D:3 [

Annotations:
D:3 Grinder


Innate Abilities, Weirdness & Mutations

You are a bat.
You are tiny and dextrous.
You move quickly.
You are flying.
Your equipment is almost entirely melded.
You are incapable of wielding weapons or throwing items.
You cannot cast spells.
((You have a pair of horns on your head.))
((You reflexively headbutt those who attack you in melee.))


Message History

You barely resist. You hit Grinder.
Grinder is lightly wounded.
Grinder gestures at you. You resist with significant effort.
You hit Grinder.
Grinder is moderately wounded.
Grinder zaps a wand.
You turn into a bat.
Your +0 war axe melds into your body.
Your +2 cloak melds into your body.
Your +0 buckler melds into your body.
Your +0 scale mail melds into your body.
Grinder hits you!
You hit Grinder.
Grinder is moderately wounded.
You hit Grinder but do no damage.
Grinder is moderately wounded.
Grinder hits you.
You writhe in agony.
You hit Grinder but do no damage.
Grinder is moderately wounded.
Grinder says, "Mostly I couldn't keep them alive."
Grinder barely misses you.
You hit Grinder but do no damage.
Grinder is moderately wounded.
Grinder hits you!
You writhe in agony.
* * * LOW HITPOINT WARNING * * *
You hit Grinder.
Grinder is moderately wounded.
Grinder gestures at you. Pain shoots through your body!
* * * LOW HITPOINT WARNING * * *
You closely miss Grinder.
Grinder is moderately wounded.
Grinder barely misses you.
You hit Grinder but do no damage.
Grinder is moderately wounded.
Grinder gestures at you. You resist with significant effort.
You completely miss Grinder.
Grinder is moderately wounded.
Grinder hits you.
You die...

#### #.####...#.###.
#...##...........##.
#........)#......##.
#..............÷....
#####.#..##.###.....<..
#........?#)# #.......#
#.........#.# ###...###
#.........#.# #...# #
#.....b†..#.# ###.# #
.......5...#.#######.# #
.#........$#......##.###
#.........######.##....
#.......$.# #.######
#....../..# #.......
##.####.### ######## #.
.#


You could see Grinder.

Vanquished Creatures
  Sigmund (D:3)
  An adder (D:3)
  2 worms (D:2)
  8 ball pythons
  6 bats
  7 endoplasms
  6 giant cockroaches
  5 goblins
  9 hobgoblins
  3 quokkas
  5 frilled lizards
  3 kobolds
  10 rats
66 creatures vanquished.

Notes
Turn   | Place    | Note
-------+----------+-------------------------------------------
     0 | D:1      | Plasmagod the Minotaur Fighter began the quest for the Orb.
     0 | D:1      | Reached XP level 1. HP: 19/19 MP: 0/0
    37 | D:1      | Reached XP level 2. HP: 27/27 MP: 1/1
   198 | D:1      | Reached skill level 3 in Axes
   322 | D:1      | Reached XP level 3. HP: 33/33 MP: 2/2
  1260 | D:3      | Reached XP level 4. HP: 40/40 MP: 3/3
  1294 | D:3      | Noticed Sigmund
  1347 | D:3      | Found Zuleklumm's Armour Emporium.
  1402 | D:3      | Reached skill level 4 in Axes
  1450 | D:3      | Killed Sigmund
  1451 | D:3      | Reached skill level 5 in Axes
  1451 | D:3      | Reached XP level 5. HP: 41/47 MP: 4/4
  1498 | D:3      | Noticed Grinder
  1511 | D:3      | HP: 2/47 [Grinder/nerve-wracking pain (11)]
  1514 | D:3      | Slain by Grinder

Illustrated notes

Levels and vault maps discovered:
D:1:      dpeg_arrival_shelter, layout_basic
D:2:      layout_rooms
D:3:      layout_loops_ring, shapermc_ecumenical_altar_mp_urbaneastern,
          serial_shops, nicolae_shop_crystal, dk_vineyard_1, minivault_4,
          uniq_natasha, uniq_sigmund, uniq_grinder

Skill      XL: |  1  2  3  4 |
---------------+-------------+-----
Shields        | 4 |  4.3
Axes           | 3 5 |  5.3
Armour         | 4 |  4.6
Fighting       | 4 |  4.8
Dodging        | |  0.9
Stealth        | |  0.2

Action                   |  1- 3 |  4- 6 || total
-------------------------+-------+-------++-------
Melee: War axe           |    97 |    30 ||   127
       Headbutt          |    11 |     2 ||    13
       Unarmed           |       |     8 ||     8
  Use: Scroll            |       |     1 ||     1
       Potion            |       |     1 ||     1
Armor: Scale mail        |    32 |    11 ||    43
Dodge: Dodged            |    34 |    18 ||    52
Block: Buckler           |    26 |     6 ||    32

Table legend: (Time is in decaauts)
 A = Elapsed time spent in this place.
 B = Non-inter-level travel time spent in this place.
 C = Inter-level travel time spent in this place.
 D = Time resting spent in this place.
 E = Time spent auto-exploring this place.
 F = Levels seen in this place.
 G = Mean time per level.
                   A        B        C        D        E       F      G
               +--------+--------+--------+--------+--------+-----+--------+
         Total |   1559 |   1532 |     27 |      0 |   1159 |   3 |  519.7 |
       Dungeon |   1559 |   1532 |     27 |      0 |   1159 |   3 |  519.7 |
               +--------+--------+--------+--------+--------+-----+--------+

Top non-repeatable levels by time:
     D:2: 862 daAuts
     D:1: 430 daAuts
     D:3: 266 daAuts
